 Dungeon Crawl Stone Soup version 0.27-a0-1119-gbf574a6a6b (webtiles) character file.

Game seed: 17988930765902727180

10859 Azzok the Cleaver (level 12, 0/86 HPs)
             Began as a Formicid Fighter on May 2, 2021.
             Was a High Priest of Okawaru.
             Slain by Snorg (8 damage)
             ... on level 10 of the Dungeon.
             The game lasted 00:16:16 (14306 turns).

Azzok the Cleaver (Formicid Fighter)               Turns: 14306, Time: 00:16:17

Health: 0/86       AC: 15    Str: 23 (26) XL:     12   Next: 0%
Magic:  17/18      EV: 11    Int:  7 (8)  God:    Okawaru [*****.]
Gold:   531        SH: 20    Dex: 15 (16) Spells: 11/11 levels left

rFire    . . .     SeeInvis +   J - +1 hand axe (elec)
rCold    . . .     Faith    .   c - +0 kite shield
rNeg     . . .     Spirit   .   I - +1 chain mail "Usiemo Saero" {rPois}
rPois    +         Reflect  +   (helmet unavailable)
rElec    .         Harm     .   (no cloak)
rCorr    +         Rampage  .   (no gloves)
Will     +....                  k - +0 pair of boots
Stlth    ..........             t - amulet of reflection
HPRegen  0.24/turn              l - ring of resist corrosion
MPRegen  0.16/turn              v - +6 ring of dexterity

@: mighty, heroic, attractive
A: permanent stasis, dig shafts and tunnels, antennae 3, four strong arms
a: Dig, Shaft Self, Renounce Religion, Heroism, Finesse


You were on level 10 of the Dungeon.
You worshipped Okawaru.
Okawaru was extremely pleased with you.
You visited 2 branches of the dungeon, and saw 11 of its levels.
You also visited: Ossuary.

You collected 531 gold pieces.

Inventory:

Hand Weapons
 j - a +2 dagger of venom
 y - a +2 war axe of flaming
 J - a +1 hand axe of electrocution (weapon)
Missiles
 i - 6 throwing nets
 u - 7 atropa-tipped darts
 L - 5 boomerangs of dispersal
Armour
 c - a +0 kite shield (worn)
 d - a +3 scale mail of willpower
 k - a +0 pair of boots (worn)
 I - the +1 chain mail "Usiemo Saero" (worn) {rPois}
   (You found it on level 7 of the Dungeon)

   It protects you from poison.
 K - a +0 plate armour of cold resistance
Jewellery
 g - a ring of willpower
 l - a ring of resist corrosion (left hand)
 m - a ring of flight
 t - an amulet of reflection (around neck)
 v - a +6 ring of dexterity (right hand)
Wands
 b - a wand of mindburst (21)
 p - a wand of iceblast (11)
 E - a wand of paralysis (6)
 M - a wand of flame (17)
Scrolls
 e - 2 scrolls of fear
 f - 4 scrolls of amnesia
 h - 2 scrolls of silence {unknown}
 n - 2 scrolls of magic mapping {unknown}
 o - 4 scrolls of enchant weapon
 r - 3 scrolls of immolation
 s - a scroll of acquirement {unknown}
 x - 2 scrolls of vulnerability {unknown}
 z - a scroll of enchant armour {unknown}
 B - a scroll of identify
 C - 3 scrolls of teleportation {unknown}
 D - a scroll of summoning
 F - a scroll of fog {unknown}
Potions
 q - 5 potions of curing
 w - 2 potions of lignification
 A - 3 potions of degeneration
 G - 2 potions of flight {unknown}
 H - 2 potions of might


   Skills:
 - Level 5.0(10.0) Fighting
 * Level 12.1(17.1) Axes
 - Level 8.0(13.0) Armour
 + Level 10.8(15.8) Shields
 + Level 8.8 Invocations


You had 11 spell levels left.
You didn't know any spells.
Your spell library contained the following spells:

 Spells                   Type           Power      Damage    Failure   Level
 Corona                   Hex            0%         N/A       92%         1
 Magic Dart               Conj           0%         1d3       92%         1
 Sandblast                Erth           0%         2d4       92%         1
 Call Imp                 Summ           0%         N/A       98%         2
 Passwall                 Tmut/Erth      0%         N/A       98%         2
 Poisonous Vapours        Pois/Air       0%         N/A       98%         2
 Slow                     Hex            0%         N/A       98%         2
 Conjure Flame            Conj/Fire      0%         6-21      100%        3
 Inner Flame              Hex/Fire       0%         N/A       100%        3
 Mephitic Cloud           Conj/Pois/Air  0%         N/A       100%        3
 Portal Projectile        Hex/Tloc       0%         N/A       100%        3
 Stone Arrow              Conj/Erth      0%         3d7       100%        3
 Cause Fear               Hex            0%         N/A       100%        4
 Leda's Liquefaction      Hex/Erth       0%         N/A       100%        4
 Petrify                  Tmut/Erth      0%         N/A       100%        4
 Lee's Rapid Deconstruct  Erth           0%         3d5*      100%        5
 Freezing Cloud           Conj/Ice/Air   0%         6-21      100%        6
 Blink                    Tloc           Unusable   N/A       N/A         2

Dungeon Overview and Level Annotations

Branches:
Dungeon (10/15)            Temple (1/1) D:5             Orc (0/2) D:9
Ossuary (visited)
   Lair: D:8-11

Altars:
Ashenzari
Elyvilon
Gozag
Hepliaklqana
Kikubaaqudgha
Makhleb
Nemelex Xobeh
Okawaru
Qazlal
Ru
Sif Muna
Trog
Uskayaw
Vehumet
Xom
Yredelemnul
Zin
The Shining One
Beogh

Annotations:
D:5 2 transporters, emiel's ghost, novice FoBe
D:9 exclusion: orange crystal statue
D:10 Snorg


Innate Abilities, Weirdness & Mutations

You cannot be hasted, slowed, berserked, paralysed or teleported.
You can dig through walls and to a lower floor.
You have a pair of large antennae on your head. (SInv)
Your four strong arms can wield two-handed weapons with a shield.


Message History

Snorg is lightly wounded.
You block Snorg's attack. Snorg claws you! Snorg claws you but does no damage.
You slash Snorg! Lightning courses through Snorg!
Snorg is moderately wounded.
You block Snorg's attack. x2; Snorg claws you but does no damage.
You hit Snorg. Lightning courses through Snorg!
Snorg is moderately wounded.
You block Snorg's attack. x2; Snorg claws you.
You completely miss Snorg.
Snorg is moderately wounded.
You slash Snorg!
Snorg is moderately wounded.
Snorg bites you but does no damage. You block Snorg's attack. Snorg misses you.
You hit Snorg. Lightning courses through Snorg!
Snorg is heavily wounded.
You block Snorg's attack. Snorg claws you! Snorg claws you but does no damage.
You slash Snorg!
Snorg is heavily wounded.
Snorg bites you!!
* * * LOW HITPOINT WARNING * * *
You block Snorg's attack. Snorg claws you!
* * * LOW HITPOINT WARNING * * *
You feel very mighty all of a sudden. Snorg closely misses you.
Snorg claws you.
* * * LOW HITPOINT WARNING * * *
Snorg claws you but does no damage. You block Snorg's attack. x2
Snorg claws you but does no damage.
You slash Snorg!
Snorg is heavily wounded.
Snorg closely misses you. Snorg claws you.
* * * LOW HITPOINT WARNING * * *
Snorg claws you but does no damage.
It was a potion of degeneration.
There was something very wrong with that liquid.
You feel weakened.
You feel dopey.
You feel clumsy. You block Snorg's attack.
Snorg claws you but does no damage. x2
It was a potion of attraction.
You feel attractive to monsters. You block Snorg's attack. Snorg claws you!
You die...

▒··≈≈§≈≈§········▒···▒·
▒··§≈≈≈§≈·········▒···▒·
··≈§≈≈§§§·········▒···▒·
≈≈≈≈≈≈≈§··········▒···▒·
≈≈≈§§≈§§··········▒···▒▒
≈≈≈≈§§············▒·····
≈≈≈≈·····▒········▒·····
≈·····T··▒········▒·····
·T····▒@·▒········▒·····
····· ▒··▒········▒·····
···· ▒··▒········▒▒····
▒▒▒ ··▒▒·········▒····
···▒··········▒····
····▒····▒▒▒'▒▒▒···· {
▒····▒····▒··········
··▒··▒▒▒▒▒▒···▒▒▒▒▒··
P·≈▒···········▒ ▒··


You could see Snorg (berserk).

Vanquished Creatures
  Harold (D:7)
  A two-headed ogre (D:8)
  An ugly thing (D:9)
  A manticore (D:10)
  Maggie (D:6)
  2 trolls
  3 hornets
  Sigmund (D:3)
  2 wyverns
  14 yaks
  Menkaure (D:7)
  A water moccasin (D:8)
  2 acid dragons (D:10)
  2 ice beasts
  A black bear (D:4)
  8 orc warriors
  3 necrophages
  2 ogres
  3 centaurs
  A kobold brigand (D:9)
  2 bullfrogs
  3 scorpions
  A gnoll sergeant (D:5)
  A water moccasin skeleton (D:5)
  9 killer bees
  A wight (D:8)
  An electric eel (D:8)
  2 howler monkeys (D:10)
  2 bullfrog zombies
  2 centaur zombies
  3 hounds
  2 gnoll shamans
  2 jellies (D:7)
  A centaur skeleton (D:6)
  8 orc priests
  3 iguanas
  Ijyb (D:3)
  Terence (D:2)
  A scorpion zombie (D:5)
  15 orc wizards
  2 killer bee zombies
  4 ogre zombies (Ossuary)
  A hound skeleton (D:5)
  A howler monkey zombie (D:9)
  7 mummies (Ossuary)
  Robin (D:2)
  23 gnolls
  A howler monkey skeleton (D:6)
  7 adders
  A shadow imp (D:6)
  A white imp (D:7)
  7 adder zombies (Ossuary)
  An adder skeleton (D:4)
  2 worms
  2 dart slugs
  34 orcs
  11 endoplasms
  A giant cockroach (D:3)
  A gnoll zombie (Ossuary)
  11 hobgoblins
  21 jackals
  11 kobolds
  4 quokkas
  9 ball pythons
  7 bats
  9 frilled lizards
  20 goblins
  3 goblin zombies (Ossuary)
  6 hobgoblin zombies (Ossuary)
  2 kobold zombies (Ossuary)
  An orc zombie (Ossuary)
  2 quokka zombies (Ossuary)
  4 rats
  3 rat zombies (Ossuary)
333 creatures vanquished.

Vanquished Creatures (others)
  6 plants
6 creatures vanquished.

Grand Total: 339 creatures vanquished

Notes
Turn   | Place    | Note
-------+----------+-------------------------------------------
     0 | D:1      | Azzok the Formicid Fighter began the quest for the Orb.
     0 | D:1      | Reached XP level 1. HP: 18/18 MP: 1/1
    63 | D:1      | Reached XP level 2. HP: 2/24 MP: 2/2
   572 | D:1      | Reached XP level 3. HP: 27/29 MP: 3/3
  1434 | D:2      | Noticed Robin
  1630 | D:1      | Reached XP level 4. HP: 7/37 MP: 4/4
  2103 | D:2      | Reached skill level 3 in Axes
  2340 | D:2      | Killed Robin
  2469 | D:2      | Noticed Terence
  2485 | D:2      | Killed Terence
  2486 | D:2      | Reached XP level 5. HP: 15/42 MP: 5/5
  2709 | D:2      | Noticed a bullfrog
  2717 | D:2      | Killed a bullfrog
  2842 | D:2      | Reached XP level 6. HP: 48/48 MP: 6/6
  2933 | D:2      | Reached skill level 4 in Axes
  3508 | D:3      | Noticed Ijyb
  3523 | D:3      | Killed Ijyb
  3618 | D:3      | Reached skill level 5 in Shields
  3644 | D:3      | Noticed Sigmund
  3654 | D:3      | Killed Sigmund
  3655 | D:3      | Reached XP level 7. HP: 38/55 MP: 7/7
  3775 | D:3      | Reached skill level 5 in Axes
  3782 | D:3      | HP: 4/82 [something (2)]
  4814 | D:4      | Reached skill level 5 in Armour
  4891 | D:4      | Identified the +3 rapier "Spiderslayer" {protect, rC+}
  4922 | D:4      | Reached skill level 5 in Fighting
  5449 | D:4      | Reached XP level 8. HP: 62/62 MP: 8/8
  5559 | D:4      | Found a sacrificial altar of Ru.
  5890 | D:5      | Entered Level 5 of the Dungeon
  5934 | D:5      | Reached skill level 6 in Axes
  5934 | D:5      | Found a staircase to the Ecumenical Temple.
  5947 | Temple   | Entered the Ecumenical Temple
  6063 | Temple   | Became a worshipper of Warmaster Okawaru
  6356 | Temple   | Reached skill level 1 in Invocations
  6739 | D:5      | Noticed emiel's ghost (novice FoBe)
  6749 | D:5      | Found a transporter.
  6915 | Temple   | Reached * piety under Okawaru
  6916 | Temple   | Reached skill level 7 in Axes
  7080 | D:5      | Reached XP level 9. HP: 56/68 MP: 10/10
  7245 | D:5      | Found a stormy altar of Qazlal.
  7297 | D:5      | Found a transporter.
  8461 | D:6      | Noticed Maggie
  8487 | D:6      | Killed Maggie
  8487 | D:6      | Reached ** piety under Okawaru
  8488 | D:6      | Reached skill level 8 in Axes
  8948 | D:7      | Found a sand-covered staircase.
  8961 | Ossuary  | Entered an ossuary
  9074 | Ossuary  | Reached XP level 10. HP: 61/74 MP: 13/13
  9431 | D:7      | Noticed Harold
  9444 | D:7      | Killed Harold
  9445 | D:7      | Reached skill level 9 in Axes
  9445 | D:7      | Reached skill level 5 in Invocations
  9627 | D:7      | Identified the +8 mace "Golevemn" {drain, Will+}
  9746 | D:7      | Identified the +1 chain mail "Usiemo Saero" {rPois}
 10108 | D:7      | Noticed Menkaure
 10114 | D:7      | Killed Menkaure
 10114 | D:7      | Reached *** piety under Okawaru
 10375 | D:8      | Reached skill level 10 in Axes
 10631 | D:8      | Found a sparkling altar of Nemelex Xobeh.
 10663 | D:8      | Noticed a two-headed ogre
 10671 | D:8      | Killed a two-headed ogre
 10671 | D:8      | Reached **** piety under Okawaru
 10672 | D:8      | Reached XP level 11. HP: 74/79 MP: 14/16
 11276 | D:9      | Noticed a white ugly thing
 11289 | D:9      | Killed a white ugly thing
 11295 | D:9      | Reached skill level 11 in Axes
 11822 | D:9      | Reached skill level 10 in Shields
 11860 | D:9      | Reached ***** piety under Okawaru
 12017 | D:9      | Found a glowing golden altar of the Shining One.
 12571 | D:9      | Found a staircase to the Orcish Mines.
 12634 | D:9      | Noticed an orange crystal statue
 13375 | D:10     | Entered Level 10 of the Dungeon
 13380 | D:10     | Noticed a manticore
 13394 | D:10     | Killed a manticore
 13956 | D:10     | Identified the +1 robe of Quantum Leap {Slay+2} (Okawaru
                  | gifted it to you on level 10 of the Dungeon)
 13956 | D:10     | Received a gift from Okawaru
 13963 | D:10     | Reached skill level 12 in Axes
 13984 | D:10     | Reached XP level 12. HP: 58/86 MP: 18/18
 14286 | D:10     | Noticed Snorg
 14306 | D:10     | Slain by Snorg

Illustrated notes

Levels and vault maps discovered:
D:1:      co_arrival_square_in_a_square_in_a_square, layout_loops_ring,
          serial_forest, infiniplex_forest_clump_C, infiniplex_forest_corner_2,
          infiniplex_forest_clump_small, infiniplex_forest_straight_4,
          infiniplex_forest_lined_3
D:2:      layout_rooms, uniq_robin, uniq_terence
D:3:      minmay_thinvault, layout_basic, minmay_liquid_box, uniq_sigmund,
          uniq_ijyb
D:4:      layout_cave_pods, overflow_temple_1_default
D:5:      layout_loops_cross, grunt_qazlal_clouds,
          minmay_temple_entry_junction_2, gammafunk_ghost_stat_death
D:6:      layout_basic, hangedman_decor_lopped, minivault_11, uniq_maggie
D:7:      layout_loops_ring, enter_ossuary_2, uniq_harold, uniq_menkaure
D:8:      minmay_flawed_box, layout_loops_ring, kennysheep_mini_moat,
          hangedman_abyss_or_decor_slice, st_stairs_4,
          chequers_serial_rivers_micro_e, serial_bayou_pond_a, moated_statue
D:9:      layout_roguey, lemuel_crystal_altar, david_orc_5,
          minmay_protected_statue
D:10:     layout_irregular_city, dpeg_oklobed_lair,
          hangedman_abyss_or_decor_passed, minmay_lindwurm_lava, uniq_maurice,
          uniq_snorg
Temple:   dpeg_five_rooms_temple

Skill      XL: |  1  2  3  4  5  6  7  8  9 10 11 |
---------------+----------------------------------+-----
Shields        | 4 5 6 7 9 10 | 10.8
Axes           | 3 4 5 7 8 10 12 | 12.1
Fighting       | 4 5 |  5.0
Armour         | 4 5 6 7 8 |  8.0
Invocations    | 2 4 6 8 |  8.8

Action                   |  1- 3 |  4- 6 |  7- 9 | 10-12 || total
-------------------------+-------+-------+-------+-------++-------
Melee: War axe           |   132 |   186 |   358 |   336 ||  1012
       Dagger            |       |       |    12 |       ||    12
       Hand axe          |       |       |       |   125 ||   125
Invok: Heroism           |       |       |       |     1 ||     1
  Use: Potion            |       |     1 |     4 |     3 ||     8
       Scroll            |       |       |     4 |       ||     4
Armor: Scale mail        |    76 |   102 |   151 |    15 ||   344
       Skin              |       |       |     4 |       ||     4
       Chain mail        |       |       |       |    93 ||    93
Dodge: Dodged            |    53 |    75 |   132 |    87 ||   347
Block: Kite shield       |    98 |   119 |   264 |   359 ||   840
       Reflection        |       |       |       |    19 ||    19

Table legend: (Time is in decaauts)
 A = Elapsed time spent in this place.
 B = Non-inter-level travel time spent in this place.
 C = Inter-level travel time spent in this place.
 D = Time resting spent in this place.
 E = Time spent auto-exploring this place.
 F = Levels seen in this place.
 G = Mean time per level.
                   A        B        C        D        E       F      G
               +--------+--------+--------+--------+--------+-----+--------+
         Total |  14528 |  14174 |    354 |   2962 |   8531 |  12 | 1210.7 |
       Dungeon |  13479 |  13198 |    281 |   2601 |   8170 |  10 | 1347.9 |
        Temple |    585 |    512 |     73 |    361 |    112 |   1 |  585.0 |
       Ossuary |    464 |    464 |      0 |      0 |    249 |   1 |  464.0 |
               +--------+--------+--------+--------+--------+-----+--------+

Top non-repeatable levels by time:
     D:1: 2377 daAuts
     D:9: 1943 daAuts
     D:3: 1704 daAuts
     D:5: 1458 daAuts
     D:8: 1288 daAuts
     D:4: 1249 daAuts
    D:10: 904 daAuts
     D:6: 902 daAuts
     D:2: 853 daAuts
     D:7: 797 daAuts
  Temple: 585 daAuts
 Ossuary: 464 daAuts
